 Dungeon Crawl Stone Soup version 0.25.0-15-gac7dcb8919 (webtiles) character file.

Game seed: 274568636000008905

5415 Delamore the Severer (level 10, -5/77 HPs)
             Began as a Hill Orc Monk on June 29, 2020.
             Was a High Priest of Okawaru.
             Killed from afar by Maggie (30 damage)
             ... with a bolt of fire
             ... on level 8 of the Dungeon.
             The game lasted 00:13:31 (11529 turns).

Delamore the Severer (Hill Orc Monk)               Turns: 11529, Time: 00:13:31

Health: -5/77      AC:  9    Str: 18    XL:     10   Next: 67%
Magic:  10/10      EV:  7    Int: 16    God:    Okawaru [*****.]
Gold:   276        SH:  7    Dex: 13    Spells: 6/9 levels left

rFire    . . .     SeeInvis .   n - +2 spear (venom)
rCold    . . .     Gourm    .   g - +0 kite shield
rNeg     + . .     Faith    +   p - +0 scale mail
rPois    .         Spirit   .   M - +1 hat {MR+}
rElec    +         Reflect  .   (no cloak)
rCorr    .         Harm     .   (no gloves)
MR       +....                  q - +1 pair of boots
Stlth    ..........             x - amulet of faith
HPRegen  0.22/turn              j - +6 ring of intelligence
MPRegen  0.12/turn              G - ring of Geyfur {rElec rN+}

@: no status effects
A: no striking features
a: Heroism, Finesse, Renounce Religion


You were on level 8 of the Dungeon.
You worshipped Okawaru.
Okawaru was extremely pleased with you.
You were hungry.

You visited 2 branches of the dungeon, and saw 9 of its levels.

You collected 434 gold pieces.
You spent 158 gold pieces at shops.

Inventory:

Hand Weapons
 a - a +0 hand axe
 k - a +0 morningstar of flaming
 n - a +2 spear of venom (weapon)
 F - a +2 whip of electrocution
Missiles
 f - 33 poisoned darts
 l - 2 throwing nets
 C - 4 javelins (quivered)
Armour
 g - a +0 kite shield (worn)
 p - a +0 scale mail (worn)
 q - a +1 pair of boots (worn)
 J - a +0 plate armour
 M - a +1 hat of magic resistance (worn)
Jewellery
 e - a +6 ring of intelligence
 j - a +6 ring of intelligence (left hand)
 o - an uncursed ring of ice
 x - an amulet of faith (around neck)
 E - an uncursed ring of protection from cold {unknown}
 G - the ring of Geyfur (right hand) {rElec rN+}
   (You bought it in a shop on level 5 of the Dungeon)

   [ring of positive energy]

   It insulates you from electricity.
   It protects you from negative energy.
 K - a +4 ring of evasion {unknown}
Wands
 b - a wand of iceblast (11)
 v - a wand of clouds (15)
 w - a wand of flame (31)
 D - a wand of disintegration (9)
Scrolls
 h - 5 scrolls of teleportation
 s - a scroll of enchant armour
 t - 2 scrolls of remove curse
 y - a scroll of immolation {unknown}
 I - 2 scrolls of fear {unknown}
 L - a scroll of random uselessness
 N - 3 scrolls of magic mapping {unknown}
 P - a scroll of fog
Potions
 d - 2 potions of flight
 i - a potion of lignification {unknown}
 m - 6 potions of heal wounds
 r - a potion of berserk rage {unknown}
 u - 3 potions of degeneration
 z - a potion of mutation
 A - a potion of stabbing
 B - 2 potions of brilliance
 H - a potion of might {unknown}
 O - a potion of curing
 Q - a potion of magic {unknown}
Comestibles
 c - 16 rations


   Skills:
 - Level 3.6 Fighting
 + Level 18.1(18.3) Axes
 - Level 4.6(11.4) Maces & Flails
 - Level 2.4 Dodging
 - Level 1.5 Stealth


You had 6 spell levels left.
You knew the following spells:

 Your Spells              Type           Power        Failure   Level  Hunger
a - Vampiric Draining     Necr           #.........   100%        3    ####...

Your spell library contained the following spells:

 Spells                   Type           Power        Failure   Level  Hunger
 Animate Skeleton         Necr           N/A          99%         1    ##.....
 Apportation              Tloc           #.....       99%         1    ##.....
 Corona                   Hex            #......      99%         1    ##.....
 Pain                     Necr           #...         99%         1    ##.....
 Summon Small Mammal      Summ           #...         99%         1    ##.....
 Recall                   Summ/Tloc      N/A          100%        3    ####...
 Animate Dead             Necr           N/A          100%        4    #####..
 Agony                    Necr           #.......     100%        5    ######.
 Borgnjor's Vile Clutch   Necr/Erth      #.........   100%        5    ######.
 Death Channel            Necr           #.........   100%        6    #######
 Simulacrum               Ice/Necr       #.........   100%        6    #######


Dungeon Overview and Level Annotations

Branches:
Dungeon (8/15)             Temple (1/1) D:7
   Lair: D:8-11

Altars:
Ashenzari
Cheibriados
Dithmenos
Elyvilon
Fedhas
Gozag
Hepliaklqana
Kikubaaqudgha
Makhleb
Nemelex Xobeh
Okawaru
Qazlal
Ru
Sif Muna
Trog
Uskayaw
Vehumet
Wu Jian
Xom
Yredelemnul
Zin
The Shining One

Shops:
D:5 *   D:6 [

Annotations:
D:8 Maggie


Message History

You block Maggie's attack.
You hit Maggie but do no damage.
Maggie is heavily wounded.
Maggie hits you with a +2 long sword of flaming.
Maggie burns you.
You hit Maggie.
Maggie is heavily wounded.
You closely miss Maggie.
Maggie is heavily wounded.
Maggie points at you and mumbles some strange words.
The bolt of fire hits you!!
You are too injured to fight recklessly!
You are too injured to fight recklessly!
You are too injured to fight recklessly!
You are too injured to fight recklessly!
You hit Maggie but do no damage.
Maggie looks as sick as possible!
Maggie is heavily wounded.
Maggie points at you and mumbles some strange words.
The bolt of fire hits you!!
You die...

##### #...# #...#
####...#### ##
#.........#######...#
#..^..........@@./#
#.........#######...#
#####.....### ##
..........#
#####.....####
#........#
#####.######.#
......# # #######
###.#


You could see Maggie (extremely poisoned).

Vanquished Creatures
  Gastronok (D:8)
  Pikel (D:6)
  Duvessa (D:5)
  A water moccasin (D:7)
  An ice beast (D:7)
  3 sky beasts
  2 orc warriors (D:7)
  3 phantoms
  6 ogres
  3 centaurs
  4 bullfrogs
  A gnoll sergeant (D:5)
  4 scorpions
  Dowan (D:5)
  2 howler monkeys (D:6)
  2 jellies
  2 hounds
  5 orc priests
  A centaur skeleton (D:4)
  6 orc wizards
  Ijyb (D:3)
  3 iguanas
  Natasha (thrice) (D:3)
  2 worker ants
  A hound zombie (D:5)
  2 hound skeletons
  A worker ant zombie (D:5)
  11 gnolls
  11 adders
  A howler monkey skeleton (D:4)
  2 adder zombies (D:4)
  An adder skeleton (D:4)
  2 worms (D:4)
  2 dart slugs (D:1)
  6 leopard geckos
  23 orcs
  4 ball pythons
  2 giant cockroaches
  7 goblins
  7 hobgoblins
  7 jackals
  5 kobolds
  4 quokkas
  A ball python skeleton (D:5)
  A ball python zombie (D:4)
  5 bats
  7 frilled lizards
  A giant cockroach zombie (D:4)
  A jackal skeleton (D:4)
  2 jackal zombies
  2 leopard gecko zombies
  A quokka skeleton (D:4)
  5 rats
184 creatures vanquished.

Vanquished Creatures (others)
  A slave (D:6)
  A worker ant (D:6)
2 creatures vanquished.

Grand Total: 186 creatures vanquished

Notes
Turn   | Place    | Note
-------+----------+-------------------------------------------
     0 | D:1      | Delamore the Hill Orc Monk began the quest for the Orb.
     0 | D:1      | Reached XP level 1. HP: 19/19 MP: 1/1
   117 | D:1      | Reached XP level 2. HP: 26/26 MP: 2/2
   184 | D:1      | Reached skill level 5 in Axes
  1171 | D:2      | Reached XP level 3. HP: 22/31 MP: 3/3
  1636 | D:2      | Reached skill level 6 in Axes
  2733 | D:3      | Found a shadowy altar of Dithmenos.
  2806 | D:3      | Reached XP level 4. HP: 39/39 MP: 4/4
  3219 | D:3      | Noticed Ijyb
  3273 | D:3      | Killed Ijyb
  3273 | D:3      | Reached skill level 7 in Axes
  3566 | D:3      | Noticed Natasha
  3571 | D:3      | Killed Natasha
  3571 | D:3      | Reached skill level 1 in Maces & Flails
  3571 | D:3      | Reached XP level 5. HP: 38/45 MP: 5/5
  3579 | D:3      | Noticed Natasha
  3584 | D:3      | Killed Natasha
  3709 | D:3      | Noticed Natasha
  3716 | D:3      | Killed Natasha
  4368 | D:4      | Reached XP level 6. HP: 47/51 MP: 6/6
  4396 | D:4      | Reached skill level 8 in Axes
  4543 | D:4      | Noticed a phantom
  4568 | D:4      | Killed a phantom
  4732 | D:4      | Reached XP level 7. HP: 57/57 MP: 7/7
  4979 | D:4      | Reached skill level 9 in Axes
  5402 | D:4      | Learned a level 3 spell: Vampiric Draining
  5428 | D:5      | Entered Level 5 of the Dungeon
  5519 | D:5      | Reached skill level 10 in Axes
  5818 | D:5      | Reached XP level 8. HP: 49/64 MP: 8/8
  6128 | D:5      | Reached skill level 11 in Axes
  6582 | D:5      | Found a white marble altar of Elyvilon.
  6659 | D:5      | Found Jipoass's Assorted Antiques.
  6671 | D:5      | Bought a pitted ivory ring for 115 gold pieces
  6672 | D:5      | Identified the ring of Geyfur {rElec rN+} (You bought it in
                  | a shop on level 5 of the Dungeon)
  6673 | D:5      | Bought a fuming brown potion for 20 gold pieces
  6673 | D:5      | Bought a scroll labeled KIPLIJ TOERA for 23 gold pieces
  6763 | D:5      | Noticed Duvessa
  6775 | D:5      | Reached skill level 12 in Axes
  6777 | D:5      | Noticed Dowan
  6802 | D:5      | Killed Dowan
  6917 | D:5      | Killed Duvessa
  7333 | D:6      | Reached skill level 13 in Axes
  7454 | D:6      | Reached XP level 9. HP: 35/70 MP: 9/9
  7844 | D:6      | Noticed Pikel
  7871 | D:6      | Killed Pikel
  7871 | D:6      | Reached skill level 14 in Axes
  7954 | D:6      | Found a bloodstained altar of Trog.
  7955 | D:6      | Found a blossoming altar of Fedhas.
  7978 | D:6      | Found Widenef's Armour Shoppe.
  8362 | D:6      | Found an ornate altar of the Wu Jian Council.
  8439 | D:7      | Found a staircase to the Ecumenical Temple.
  8447 | Temple   | Entered the Ecumenical Temple
  8518 | Temple   | Became a worshipper of Warmaster Okawaru
  8518 | Temple   | Reached * piety under Okawaru
  8518 | Temple   | Reached ** piety under Okawaru
  8542 | D:7      | Reached skill level 15 in Axes
  9747 | D:7      | Reached *** piety under Okawaru
  9747 | D:7      | Reached skill level 16 in Axes
  9904 | D:8      | Reached XP level 10. HP: 13/77 MP: 10/10
 10354 | D:8      | Noticed Gastronok
 10390 | D:8      | Killed Gastronok
 10390 | D:8      | Reached **** piety under Okawaru
 10390 | D:8      | Reached skill level 17 in Axes
 11162 | D:8      | Reached skill level 18 in Axes
 11183 | D:8      | Reached ***** piety under Okawaru
 11367 | D:8      | Found a glowing silver altar of Zin.
 11367 | D:8      | Noticed an angel
 11512 | D:8      | Noticed Maggie
 11529 | D:8      | Killed from afar by Maggie

Illustrated notes

Levels and vault maps discovered:
D:1:      sevenhm_arrival_forest_fort_large_4, layout_loops_ring
D:2:      layout_basic, grunt_decor_cap
D:3:      layout_loops_corners, overflow_temple_1_default, uniq_ijyb,
          uniq_natasha
D:4:      layout_basic, first_ration, serial_undead, serial_undead_c,
          serial_undead_f, serial_undead_b, serial_undead_f, eino_curves_02,
          grunt_ministairs_3
D:5:      layout_basic, elyvilon_altar_4, serial_shops,
          nicolae_shop_statue_plus, minmay_stone_trees_small, st_stairs_1,
          kennysheep_cross_room, minmay_fractal_squares_5, uniq_duvessa
D:6:      layout_loops_ring, marbit_many_paths, nicolae_overflow_hidden_temple,
          serial_shops, nicolae_shop_behind_doors, uniq_pikel
D:7:      layout_loops_ring, minmay_temple_entry_stoned_glass
D:8:      layout_loops_ring, zin_angel, uniq_gastronok, uniq_maggie
Temple:   nicolae_temple_x_marks_the_god

Skill      XL: |  1  2  3  4  5  6  7  8  9 10 |
---------------+-------------------------------+-----
Axes           | 5 6 7 8 10 13 16 18 | 18.1
Maces & Flails | 1 2 3 4 |  4.6
Fighting       | |  3.6
Dodging        | |  2.4
Stealth        | |  1.5

Action                   |  1- 3 |  4- 6 |  7- 9 | 10-12 || total
-------------------------+-------+-------+-------+-------++-------
Melee: Hand axe          |    28 |       |       |       ||    28
       Spear             |   158 |   189 |   561 |   106 ||  1014
Throw: Dart              |       |     2 |    21 |     2 ||    25
       Javelin           |       |       |       |     7 ||     7
Evoke: Wand              |       |       |     1 |     1 ||     2
  Use: Scroll            |     4 |     1 |     6 |     1 ||    12
 Stab: Sleeping          |     6 |       |       |       ||     6
  Eat: Chunk             |     6 |     6 |    17 |     5 ||    34
Armor: Robe              |    23 |     4 |       |       ||    27
       Scale mail        |       |    46 |   185 |    21 ||   252
Dodge: Dodged            |   102 |    54 |   117 |    22 ||   295
Block: Kite shield       |    60 |    44 |   133 |    27 ||   264
